 Dungeon Crawl Stone Soup version 0.25.1-2-g60ff931df9 (webtiles) character file.

Game seed: 6841857812410102110

239 DearestLeader the Digger (level 6, -4/32 HPs)
             Began as a Gargoyle Earth Elementalist on Sept 15, 2020.
             Slain by a centaur (5 damage)
             ... on level 3 of the Dungeon.
             The game lasted 00:06:57 (2581 turns).

DearestLeader the Digger (GrEE)                     Turns: 2581, Time: 00:06:57

Health: -4/32      AC:  7    Str: 12    XL:     6   Next: 7%
Magic:  3/9        EV: 12    Int: 17    God:
Gold:   166        SH:  0    Dex: 10    Spells: 3/9 levels left

rFire    . . .     SeeInvis .   n - +2 short sword (flame)
rCold    + . .     Gourm    .   (no shield)
rNeg     + . .     Faith    .   r - +1 robe {rC+}
rPois    ∞         Spirit   .   (no helmet)
rElec    +         Reflect  .   (no cloak)
rCorr    .         Harm     .   (no gloves)
MR       .....                  (no boots)
Stlth    ++........             (no amulet)
HPRegen  0.10/turn              (no ring)
MPRegen  0.11/turn              (no ring)

@: no status effects
A: negative energy resistance 1, electricity resistance, unbreathing,
petrification resistance, rot immunity, AC +4
a: no special abilities


You were on level 3 of the Dungeon.
You were not hungry.

You visited 1 branch of the dungeon, and saw 3 of its levels.

You collected 166 gold pieces.

Inventory:

Hand Weapons
 a - a +0 dagger
 n - a +2 short sword of flaming (weapon)
Missiles
 b - 49 stones (quivered)
Armour
 r - a +1 robe of cold resistance (worn)
Wands
 q - a wand of flame (9)
Scrolls
 c - a scroll of magic mapping {unknown}
 e - 2 scrolls of fear {unknown}
 i - a scroll of immolation {unknown}
 j - a scroll of identify
 l - a scroll of random uselessness {unknown}
 o - a scroll of fog
 p - 2 scrolls of teleportation {unknown}
 t - a scroll of remove curse {unknown}
Potions
 f - a potion of invisibility
 h - a potion of curing {unknown}
 k - a potion of lignification {unknown}
 m - a potion of haste {unknown}
 s - a potion of magic {unknown}
 u - 2 potions of ambrosia {unknown}
Comestibles
 d - 8 rations
 g - 3 chunks of flesh


   Skills:
 + Level 2.0 Dodging
 - Level 2.1 Stealth
 + Level 2.3 Spellcasting
 - Level 0.7 Transmutations
 * Level 7.5 Earth Magic


You had 3 spell levels left.
You knew the following spells:

 Your Spells              Type           Power        Failure   Level  Hunger
a - Sandblast             Erth           ####..       1%          1    #......
b - Stone Arrow           Conj/Erth      ##....       12%         3    ###....
c - Passwall              Tmut/Erth      ###.....     5%          2    ##.....

Your spell library contained the following spells:

 Spells                   Type           Power        Failure   Level  Hunger
 Lee's Rapid Deconstruct  Erth           ####......   24%         5    ######.
 Petrify                  Tmut/Erth      ###.....     34%         4    #####..


Dungeon Overview and Level Annotations

Branches:
Dungeon (3/15)

Altars:
Nemelex Xobeh
Qazlal
Yredelemnul


Innate Abilities, Weirdness & Mutations

You are resistant to torment.
Your stone body is resilient. (AC +4)
You are immune to poison.
You resist negative energy. (rN+)
You are resistant to electric shocks. (rElec)
You can survive without breathing.
You are immune to petrification.
You are immune to rotting.


Message History

Casting: Sandblast (safe; 1% risk of failure)
Confirm with . or Enter, or press ? or * to list all spells.
Aiming: Sandblast (safe; 1% risk of failure)
Press: ? - help, Shift-Dir - straight line, f/p - centaur
Aim: a centaur, quivering 17 arrows (blue smoke, heavily wounded)
The blast of sand hits the centaur.
The centaur is heavily wounded.
b - 50 stones The centaur misses you.
The centaur hits you.
* * * LOW HITPOINT WARNING * * *
Casting: Sandblast (safe; 1% risk of failure)
Confirm with . or Enter, or press ? or * to list all spells.
Aiming: Sandblast (safe; 1% risk of failure)
Press: ? - help, Shift-Dir - straight line, f/p - centaur
Aim: a centaur, quivering 17 arrows (blue smoke, heavily wounded)
The blast of sand hits the centaur!
The centaur is almost dead.
b - 49 stones The centaur hits you.
You die...

### #############..
#..........)#§#
#.###...###.#§#
#.......# #.#§#
####.###...###(#@##.#
......###.....§§c§§.#
####..# #.####§#§####
#..###.####..#c#
####...........# #..
......###.#####.# #.c
...##.###)# # ###
##..#.....# #######
§##..###..######
#.....#


You could see a centaur.

Vanquished Creatures
  Jessica (D:3)
  An iguana (D:3)
  Terence (D:3)
  5 adders
  3 gnolls (D:2)
  4 worms
  5 dart slugs
  A leopard gecko (D:1)
  9 bats
  A giant cockroach (D:3)
  6 hobgoblins
  4 jackals (D:3)
  5 frilled lizards
  7 goblins
  12 kobolds
  9 rats
74 creatures vanquished.

Notes
Turn   | Place    | Note
-------+----------+-------------------------------------------
     0 | D:1      | DearestLeader the Gargoyle Earth Elementalist began the
                  | quest for the Orb.
     0 | D:1      | Reached XP level 1. HP: 10/10 MP: 3/3
    77 | D:1      | Reached skill level 4 in Earth Magic
   284 | D:1      | Reached XP level 2. HP: 9/15 MP: 5/5
   924 | D:1      | Reached XP level 3. HP: 18/19 MP: 6/6
   929 | D:1      | Learned a level 3 spell: Stone Arrow
  1021 | D:2      | Reached skill level 5 in Earth Magic
  1180 | D:2      | Reached XP level 4. HP: 20/24 MP: 4/7
  1235 | D:2      | Reached skill level 6 in Earth Magic
  1656 | D:2      | Learned a level 2 spell: Passwall
  1709 | D:3      | Noticed Jessica
  1720 | D:3      | Killed Jessica
  1720 | D:3      | Reached XP level 5. HP: 28/28 MP: 8/8
  1785 | D:3      | Reached skill level 7 in Earth Magic
  2151 | D:3      | Noticed Terence
  2163 | D:3      | Killed Terence
  2361 | D:3      | Found a sparkling altar of Nemelex Xobeh.
  2361 | D:3      | Found a basalt altar of Yredelemnul.
  2362 | D:3      | Found a stormy altar of Qazlal.
  2393 | D:3      | Reached XP level 6. HP: 32/32 MP: 9/9
  2580 | D:3      | HP: 1/32 [centaur (3)]
  2581 | D:3      | Slain by a centaur

Illustrated notes

Levels and vault maps discovered:
D:1:      minmay_arrival_diagonal_passages, layout_rooms
D:2:      layout_rooms
D:3:      layout_loops_ring, gammafunk_temple_overflow_claw, first_ration,
          uniq_jessica, uniq_terence

Skill      XL: |  1  2  3  4  5  6 |
---------------+-------------------+-----
Earth Magic    | 4 5 6 7 |  7.5
Dodging        | 2 |  2.0
Stealth        | |  2.1
Spellcasting   | |  2.3
Transmutations | |  0.7

Action                   |  1- 3 |  4- 6 || total
-------------------------+-------+-------++-------
Melee: Dagger            |    91 |     1 ||    92
       Unarmed           |     7 |       ||     7
       Short sword       |       |    76 ||    76
 Cast: Sandblast         |    19 |    34 ||    53
  Use: Scroll            |       |     3 ||     3
 Stab: Distracted        |     1 |       ||     1
       Sleeping          |       |     6 ||     6
  Eat: Chunk             |     1 |     5 ||     6
Armor: Robe              |    54 |    21 ||    75
Dodge: Dodged            |    86 |    56 ||   142
